[Event "*** SCC Grand Prix: Titled Tuesday Blitz"]
[Site "Chess.com"]
[Date "2020.07.14"]
[Round "4"]
[White "Onegust"]
[Black "SaqoChess_Twitch"]
[Result "0-1"]
[WhiteElo "2595"]
[BlackElo "2441"]
[TimeControl "180+1"]
[EndTime "10:36:52 PDT"]
[Termination "SaqoChess_Twitch won by resignation"]

1. e4 c5 2. Nf3 d6 3. d4 cxd4 4. Nxd4 Nf6 5. Nc3 g6 6. Be3 Bg7 7.
f3 O-O 8. Qd2 Nc6 9. g4 Nxd4 10.
Bxd4 Be6 11. h4 Qa5 12. h5 Rfc8 13. Be2 Rab8 14. hxg6 hxg6 15. g5 Nh5 16. Bxg7 Nxg7 17. f4 b5 18. Bf3 b4 19. Qh2 Nh5 20. Bxh5 bxc3 21. Be2 cxb2+ 22. Kf2 bxa1=Q 23. Qh7+ Kf8 24. Rxa1 Qc5+ 25. Kg2 Qd4 26. Rd1 Qg7 27. Qh4 Rxc2 0-1

[Event "*** SCC Grand Prix: Titled Tuesday Blitz"]
[Site "Chess.com"]
[Date "2020.07.14"]
[Round "4"]
[White "MFBerna"]
[Black "WinstonSilvakov"]
[Result "1-0"]
[WhiteElo "2435"]
[BlackElo "2113"]
[TimeControl "180+1"]
[EndTime "10:36:52 PDT"]
[Termination "MFBerna won by resignation"]

1. e4 Nf6 2. Nc3 d5 3. exd5 Nxd5 4. Qf3 Nxc3 5. dxc3 e6 6. Be3 Qf6 7. O-O-O Qxf3 8.
Nxf3 Nc6 9. Bb5 Bd7 10. Rxd7 Kxd7 11. Ne5+ Ke7 12. Nxc6+ bxc6 13. Bxc6 Rd8 14. Bxa7 f6 15. a4 Kf7 16. b4 g6 17. a5 Bh6+ 18. Kb2 Rd6 19. b5 Rhd8 20. Bc5 Rd1 21. Rxd1 Rxd1 22.
a6 Bc1+ 23. Ka2 Rd8 24. a7 Bd2 1-0

[Event "*** SCC Grand Prix: Titled Tuesday Blitz"]
[Site "Chess.com"]
[Date "2020.07.14"]
[Round "4"]
[White "KingCrusher275"]
[Black "iaraldinho"]
[Result "0-1"]
[WhiteElo "2366"]
[BlackElo "2547"]
[TimeControl "180+1"]
[EndTime "10:36:53 PDT"]
[Termination "iaraldinho won by resignation"]

1. d4 f5 2. c4 Nf6 3. Nf3 g6 4. g3 Bg7 5. Bg2 O-O 6. O-O d6 7. Nc3 Qe8 8. b3 e5 9. dxe5 dxe5 10. Bb2 e4 11. Nd4 a6 12. f3 Nbd7 13. fxe4 Nxe4 14. Nxe4 fxe4 15. Rxf8+ Nxf8 16. Qc2 c5 17. Bxe4 cxd4 18. Rf1 Bh3 19. Bd5+ Kh8 20. Rf2 Rd8 21. Bxb7 Ne6 22.
Bd5 Ng5 23. Bc1 Qe7 24. Qd2 Ne4 25. Bxe4 Qxe4 26. Qd3 Qxd3 27. exd3 Re8 28. Bd2 Bh6 29. c5 Be3 0-1

[Event "*** SCC Grand Prix: Titled Tuesday Blitz"]
[Site "Chess.com"]
[Date "2020.07.14"]
[Round "4"]
[White "Efremov_Vlad"]
[Black "Euge_chess"]
[Result "1-0"]
[WhiteElo "2231"]
[BlackElo "1997"]
[TimeControl "180+1"]
[EndTime "10:36:53 PDT"]
[Termination "Efremov_Vlad won on time"]

1. d4 Nf6 2. c4 e6 3. Nf3 c5 4. d5 exd5 5. cxd5 d6 6. Nc3 g6 7. Bf4 Bg7 8. Qa4+ Bd7 9. Qb3 Qc7 10. e4 O-O 11. h3 a6 12. a4 Re8 13. Bd3 Nh5 14. Be3 f5 15. exf5 gxf5 16. O-O f4 17. Bd2 Bc8 18. Ne4 Nd7 19. Neg5 Ne5 20. Nxe5 1-0

[Event "*** SCC Grand Prix: Titled Tuesday Blitz"]
[Site "Chess.com"]
[Date "2020.07.14"]
[Round "4"]
[White "Michaelson_11"]
[Black "ErikRonka"]
[Result "0-1"]
[WhiteElo "2105"]
[BlackElo "2364"]
[TimeControl "180+1"]
[EndTime "10:36:56 PDT"]
[Termination "ErikRonka won by resignation"]

1. e4 g6 2. d4 Bg7 3. Bc4 e6 4.
Nf3 d6 5. O-O a6 6. Qe2 h6 7. d5 e5 8. Bb3 Ne7 9. Ne1 Nd7 10. g3 O-O 11. Ng2 f5 12. f4 fxe4 13. Qxe4 Nf5 14. g4 Nc5 15. Qf3 Nd4 16. Qh3 Ne2+ 17.
Kh1 Nxc1 18. Rxc1 exf4 19. Nc3 Qg5 20. Qh4 Qxg4 21. Rf1 Qxh4 22. Nxh4 g5 23. Ng6 Re8 24. Rae1 Bh3 0-1

[Event "*** SCC Grand Prix: Titled Tuesday Blitz"]
[Site "Chess.com"]
[Date "2020.07.14"]
[Round "4"]
[White "GM_LOADING"]
[Black "AsselLesbekova"]
[Result "1-0"]
[WhiteElo "2579"]
[BlackElo "2328"]
[TimeControl "180+1"]
[EndTime "10:37:00 PDT"]
[Termination "GM_LOADING won by resignation"]

1. e4 c5 2. Nf3 Nc6 3. d4 cxd4 4. Nxd4 e5 5. Nb5 d6 6. c4 Be7 7. Bd3 a6 8. N5c3 Be6 9. O-O Nf6 10. Nd5 O-O 11.
Nbc3 Rc8 12. Be3 Nd7 13. Rc1 Re8 14. Qd2 Bf8 15. b3 g6 16. b4 Bg7 17. Bg5 f6 18. Be3 Rf8 19. Bb1 f5 20. Bg5 Qe8 21. f3 f4 22. b5 axb5 23. Nxb5 Ra8 24. Ndc7 Qf7 25. Nxd6 1-0

[Event "*** SCC Grand Prix: Titled Tuesday Blitz"]
[Site "Chess.com"]
[Date "2020.07.14"]
[Round "4"]
[White "keepitcool9499"]
[Black "PauloCesarCosta_sad"]
[Result "1-0"]
[WhiteElo "2561"]
[BlackElo "2218"]
[TimeControl "180+1"]
[EndTime "10:37:01 PDT"]
[Termination "keepitcool9499 won on time"]

1. d4 d5 2. c4 c6 3. cxd5 cxd5 4. Nc3 Nf6 5. Bf4 e6 6. Nf3 Bd6 7. Bg3 O-O 8. e3 Nc6 9. Bd3 a6 10. Rc1 Qc7 11. O-O Bd7 12. Ne5 Qb8 13. f4 g6 14.
Bh4 Bxe5 15. fxe5 Ne8 16. Qe1 Ng7 17. Bf6 Qe8 18. Qh4 Nb4 19. Qh6 1-0

[Event "*** SCC Grand Prix: Titled Tuesday Blitz"]
[Site "Chess.com"]
[Date "2020.07.14"]
[Round "4"]
[White "IAgrest"]
[Black "guillejr"]
[Result "1-0"]
[WhiteElo "2216"]
[BlackElo "1966"]
[TimeControl "180+1"]
[EndTime "10:37:01 PDT"]
[Termination "IAgrest won by resignation"]

1. e4 c5 2. Nf3 d6 3. d4 cxd4 4. Nxd4 Nf6 5. Nc3 g6 6. Be3 Bg7 7. f3 O-O 8. Qd2 Nc6 9. Bc4 Bd7 10. Bb3 Rc8 11. h4 Ne5 12. g4 Nc4 13. Bxc4 Rxc4 14.
h5 Bxg4 15. hxg6 fxg6 16. fxg4 Nxg4 17. O-O-O Nxe3 18. Qxe3 Rxd4 19. Rxd4 Qb6 20. Rd3 Bh6 21. Qxh6 1-0

[Event "*** SCC Grand Prix: Titled Tuesday Blitz"]
[Site "Chess.com"]
[Date "2020.07.14"]
[Round "4"]
[White "rasmussvane"]
[Black "Arjun2002"]
[Result "1-0"]
[WhiteElo "2887"]
[BlackElo "2657"]
[TimeControl "180+1"]
[EndTime "10:37:07 PDT"]
[Termination "rasmussvane won by resignation"]

1. Nf3 d5 2. g3 c6 3. Bg2 Bg4 4.
O-O Nd7 5. h3 Bh5 6. d4 Ngf6 7.
c4 e6 8. cxd5 exd5 9. Ne5 Nxe5 10.
dxe5 Ne4 11. Bxe4 dxe4 12. Nc3 Qxd1 13. Rxd1 Bb4 14. Nxe4 Bxe2 15. Rd4 Be7 16. Bg5 Bf3 17. Bxe7 Bxe4 18. Bf6 gxf6 19. Rxe4 Ke7 20. exf6+ Kxf6 21. Rae1 Rhd8 22. Rf4+ Kg6 23. Re7 Rf8 24. Rxb7 Rab8 25. Rfb4 Rxb7 26. Rxb7 a5 27. Rc7 1-0

[Event "*** SCC Grand Prix: Titled Tuesday Blitz"]
[Site "Chess.com"]
[Date "2020.07.14"]
[Round "4"]
[White "if_name_main_a"]
[Black "novocane"]
[Result "0-1"]
[WhiteElo "2417"]
[BlackElo "2263"]
[TimeControl "180+1"]
[EndTime "10:37:07 PDT"]
[Termination "novocane won by resignation"]

1. c4 e5 2. Nc3 Bb4 3. Nf3 Bxc3 4. bxc3 Nc6 5. e4 Nge7 6. c5 b6 7. cxb6 axb6 8. d4 f6 9. Bc4 Ba6 10. Bb3 exd4 11. cxd4 d5 12. Ba3 dxe4 13. Nd2 Qxd4 14. Rc1 O-O-O 15. Qc2 e3 16. Nf3 exf2+ 17. Qxf2 Qe4+ 0-1

[Event "*** SCC Grand Prix: Titled Tuesday Blitz"]
[Site "Chess.com"]
[Date "2020.07.14"]
[Round "4"]
[White "bascheyaro"]
[Black "PawnEatingZombie"]
[Result "1-0"]
[WhiteElo "2706"]
[BlackElo "2220"]
[TimeControl "180+1"]
[EndTime "10:37:09 PDT"]
[Termination "bascheyaro won by resignation"]

1. d4 d5 2. c4 e6 3. Nc3 Bb4 4. Bf4 dxc4 5. e3 b5 6. a4 c6 7. axb5 cxb5 8. Qf3 Qd5 9. Qg3 Ne7 10. Bxb8 O-O 11. Bc7 Nc6 12. Be2 f6 13. Bf3 Qd7 14. Ne2 Bb7 15. d5 exd5 16. O-O a6 17.
Bxd5+ Kh8 18. Rfd1 1-0

[Event "*** SCC Grand Prix: Titled Tuesday Blitz"]
[Site "Chess.com"]
[Date "2020.07.14"]
[Round "4"]
[White "SGchess01"]
[Black "jsl796"]
[Result "1-0"]
[WhiteElo "2636"]
[BlackElo "2849"]
[TimeControl "180+1"]
[EndTime "10:37:14 PDT"]
[Termination "SGchess01 won by resignation"]

1. d4 Nf6 2. Bf4 c5 3. dxc5 e6 4. Nc3 Bxc5 5. e4 Bb4 6. Bd3 Nc6 7. Ne2 d5 8. a3 Ba5 9. exd5 Nxd5 10. Bd2 O-O 11.
O-O Nf6 12. Bg5 h6 13. Bh4 Ne5 14. Ne4 g5 15. Nxf6+ Qxf6 16. Bg3 Bb6 17. Nc3 Bd7 18. Be4 Rad8 19. Qh5 Kg7 20. Kh1 Ng6 21. Bxb7 Bd4 22. Ne4 Qf5 23. Nd6 Qxc2 24. Be4 Qxb2 25. Nxf7 Ne7 26.
Nxd8 Rxd8 27. f4 Nf5 28. Bxf5 exf5 29. fxg5 Bc6 30. Qxh6+ Kg8 31. Qxc6 1-0

[Event "*** SCC Grand Prix: Titled Tuesday Blitz"]
[Site "Chess.com"]
[Date "2020.07.14"]
[Round "4"]
[White "Maaikee"]
[Black "KNCP_719"]
[Result "0-1"]
[WhiteElo "2311"]
[BlackElo "2525"]
[TimeControl "180+1"]
[EndTime "10:37:18 PDT"]
[Termination "KNCP_719 won by resignation"]

1. e4 Nf6 2. Nc3 d5 3. e5 d4 4. exf6 dxc3 5. fxg7 cxd2+ 6. Bxd2 Bxg7 7. Qf3 Qd6 8. O-O-O Nc6 9. Nh3 Nd4 10. Qg3 Qxg3 11.
hxg3 Bf5 12. c3 Nc6 13. Nf4 O-O-O 14. Bc4 Ne5 15. Bb3 e6 16. Nh5 Nd3+ 17. Kb1 Nxf2+ 18. Ka1 Nxh1 19. Nxg7 Nf2 0-1

[Event "*** SCC Grand Prix: Titled Tuesday Blitz"]
[Site "Chess.com"]
[Date "2020.07.14"]
[Round "4"]
[White "AndrewMaco"]
[Black "Slovak_fighter2000"]
[Result "1-0"]
[WhiteElo "2618"]
[BlackElo "2439"]
[TimeControl "180+1"]
[EndTime "10:37:22 PDT"]
[Termination "AndrewMaco won by resignation"]

1. e4 e6 2. d4 d5 3. Nc3 Nf6 4. e5 Nfd7 5. f4 c5 6. Nf3 Nc6 7. Be3 Be7 8. Qd2 O-O 9. dxc5 Bxc5 10. O-O-O a6 11. Bxc5 Nxc5 12. Qe3 b6 13. h4 Bb7 14. h5 Qc7 15. h6 g6 16. Kb1 Rfd8 17. Ne2 Ne4 18. Ned4 Nxd4 19. Nxd4 Rac8 20. Bd3 b5 21.
Rhf1 b4 22. Qh3 a5 23. Qh4 Qc5 24. Nb3 Qf8 25. Nxa5 Ba8 26. Nb3 Rd7 27. g4 f6 28.
Bxe4 1-0

[Event "*** SCC Grand Prix: Titled Tuesday Blitz"]
[Site "Chess.com"]
[Date "2020.07.14"]
[Round "4"]
[White "Zablotsky"]
[Black "AsaHoffmann"]
[Result "1-0"]
[WhiteElo "2584"]
[BlackElo "2392"]
[TimeControl "180+1"]
[EndTime "10:37:24 PDT"]
[Termination "Zablotsky won by resignation"]

1. e4 d6 2. d4 Nf6 3. Nc3 c6 4. Nf3 Bg4 5. h3 Bh5 6. g4 Bg6 7. Qe2 e6 8. e5 Nd5 9. Bg2 Nb4 10. O-O Nxc2 11. Bg5 Be7 12. Bxe7 Qxe7 13. Rad1 Nb4 14. exd6 Qxd6 15. Ne5 O-O 16. f4 f6 17. Nxg6 hxg6 18.
Ne4 Qe7 19. Nc5 Nd7 20. Nxb7 Rab8 21. Na5 Rfc8 22. a3 Nd5 23. Nxc6 Rxc6 24. Bxd5 Rcb6 25. b4 Qd6 26. Ba2 a5 27. bxa5 Ra6 28. Rf3 Nf8 29. d5 e5 30. Rc1 Rxa5 31. fxe5 Qb6+ 32. Kh1 fxe5 33. Qxe5 Rc5 34. Rxc5 Qxc5 35. d6+ Kh7 36. Qxc5 1-0

[Event "*** SCC Grand Prix: Titled Tuesday Blitz"]
[Site "Chess.com"]
[Date "2020.07.14"]
[Round "4"]
[White "marianokar"]
[Black "Yana_pro"]
[Result "1-0"]
[WhiteElo "2408"]
[BlackElo "2219"]
[TimeControl "180+1"]
[EndTime "10:37:24 PDT"]
[Termination "marianokar won by resignation"]

1. e4 e5 2. Nf3 Nc6 3. Bc4 Bc5 4. c3 Nf6 5. d4 exd4 6. e5 d5 7. Bb5 Ne4 8. cxd4 Bb4+ 9. Nbd2 O-O 10. O-O Bg4 11.
Bxc6 bxc6 12. Nb3 f6 13. h3 Bh5 14. g4 Be8 15. Be3 Bd7 16. a3 Be7 17. Ne1 Rb8 18.
Nd3 Qc8 19. f3 Ng5 20. Bxg5 fxg5 21. Qc2 Qb7 22. Nbc5 Bxc5 23. Nxc5 Qxb2 24. Qxb2 Rxb2 25. Nxd7 Rd8 1-0

[Event "*** SCC Grand Prix: Titled Tuesday Blitz"]
[Site "Chess.com"]
[Date "2020.07.14"]
[Round "4"]
[White "snap_man"]
[Black "binbin239"]
[Result "0-1"]
[WhiteElo "2316"]
[BlackElo "2529"]
[TimeControl "180+1"]
[EndTime "10:37:25 PDT"]
[Termination "binbin239 won by resignation"]

1. Nf3 Nf6 2. g3 g6 3. b3 Bg7 4.
Bb2 d5 5. Bg2 O-O 6. O-O c5 7. d3 Nc6 8. Ne5 Qc7 9. Nxc6 Qxc6 10. c4 Be6 11. Nc3 Qd7 12. Qc2 Rac8 13. Rac1 Rfd8 14.
cxd5 Nxd5 15. Nxd5 Bxd5 16. Bxg7 Kxg7 17. Qb2+ f6 18. a4 a6 19. Rfe1 Qe6 20. e4 Bxb3 21.
e5 f5 22. Bxb7 Rb8 23. Bg2 Bxa4 24. Qa3 Bb5 25. Qxc5 Rxd3 26. Qa7 Rbd8 27. Bf1 R3d7 28. Qe3 Bxf1 29. Kxf1 a5 30. Rc5 a4 31. Ra5 Qc4+ 32. Kg2 Qb4 33. Ra6 Qb7+ 0-1

[Event "*** SCC Grand Prix: Titled Tuesday Blitz"]
[Site "Chess.com"]
[Date "2020.07.14"]
[Round "4"]
[White "Juanovic"]
[Black "BJthechessgod"]
[Result "1-0"]
[WhiteElo "2097"]
[BlackElo "2293"]
[TimeControl "180+1"]
[EndTime "10:37:25 PDT"]
[Termination "Juanovic won on time"]

1. e4 c5 2. Nf3 d6 3. d4 cxd4 4. Nxd4 Nf6 5. Nc3 g6 6. Be3 Bg7 7. f3 O-O 8. Qd2 Nc6 9. Bc4 Bd7 10. O-O-O Rc8 11. Bb3 Nxd4 12. Bxd4 b5 13. Bxa7 Qa5 14. Qf2 Rxc3 15. bxc3 Qa3+ 16. Kd2 Rc8 17. Bd4 e5 18.
Be3 d5 19. exd5 e4 20. Bd4 exf3 21. gxf3 Qd6 22. Kc1 Qa3+ 23. Kb1 b4 24. cxb4 Ne8 25. Bxg7 Kxg7 26. Qd4+ Kg8 27. Rhe1 Rb8 28. c3 Ba4 29. Qc4 Bxb3 30. Qxb3 Qa7 31. d6 Nf6 32. Re7 Nd7 33.
Qxf7+ 1-0

[Event "*** SCC Grand Prix: Titled Tuesday Blitz"]
[Site "Chess.com"]
[Date "2020.07.14"]
[Round "4"]
[White "ARTHURMOTIVATOR"]
[Black "praveenb2002"]
[Result "0-1"]
[WhiteElo "2338"]
[BlackElo "2710"]
[TimeControl "180+1"]
[EndTime "10:37:28 PDT"]
[Termination "praveenb2002 won on time"]

1. e4 c5 2. b3 Nc6 3. Bb2 d6 4. Bb5 Nf6 5. Bxc6+ bxc6 6. d3 g6 7. Nd2 Bg7 8. Ne2 O-O 9. O-O e5 10. h3 Re8 11. Qe1 d5 12. Nc3 Nh5 13. Na4 Nf4 14.
Nf3 Qf6 15. Nxc5 Nxh3+ 16. gxh3 Qxf3 17. Qe3 Qh5 18. exd5 Bxh3 19. dxc6 Bh6 20. Qg3 Bf4 21. Ne4 Re6 0-1

[Event "*** SCC Grand Prix: Titled Tuesday Blitz"]
[Site "Chess.com"]
[Date "2020.07.14"]
[Round "4"]
[White "Lector118"]
[Black "1977Ivan"]
[Result "0-1"]
[WhiteElo "2477"]
[BlackElo "2682"]
[TimeControl "180+1"]
[EndTime "10:37:31 PDT"]
[Termination "1977Ivan won by resignation"]

1. d4 d6 2. e4 Nf6 3. Nc3 Nc6 4. h3 g6 5. Be3 Bg7 6. Qd2 O-O 7. Nf3 a6 8. O-O-O b5 9. Bd3 e5 10.
d5 Ne7 11. g4 b4 12. Ne2 Nexd5 13. exd5 e4 14. Nfd4 exd3 15. Qxd3 Bb7 16. Nc6 Qd7 17. Qc4 Nxd5 18. Rxd5 Qxc6 19. Qxc6 Bxc6 20. Rhd1 Bxd5 21.
Rxd5 Rfe8 22. Ng3 a5 23. h4 Re5 24. Rd3 Rae8 25. g5 f5 26. gxf6 Bxf6 27. h5 gxh5 28. Kd2 h4 29. Nf1 Rf5 30. Nh2 Bg5 31.
Ke2 Ref8 32. f3 Re8 33. Ng4 h5 0-1

[Event "*** SCC Grand Prix: Titled Tuesday Blitz"]
[Site "Chess.com"]
[Date "2020.07.14"]
[Round "4"]
[White "KonstantinB_1983"]
[Black "RusPakhom"]
[Result "0-1"]
[WhiteElo "2423"]
[BlackElo "2283"]
[TimeControl "180+1"]
[EndTime "10:37:36 PDT"]
[Termination "RusPakhom won by resignation"]

1. d4 d6 2. c4 e5 3. dxe5 dxe5 4. Qxd8+ Kxd8 5. e4 Be6 6. f4 g6 7. fxe5 Nd7 8. Bf4 Bg7 9. Nf3 c6 10. Nbd2 Kc7 11.
O-O-O Nh6 12. h3 Rhe8 13. Bd3 Rad8 14. Nb3 Ng8 15. g4 h6 16. Be2 g5 17. Bg3 Ne7 18.
Nbd4 Ng6 19. Nxe6+ fxe6 20. Rhf1 Ndxe5 21. Nxe5 Bxe5 22. Rf7+ Kb8 23. Bxe5+ Nxe5 24. Rh7 Rxd1+ 25. Kxd1 Rd8+ 26. Kc2 Rd4 27. Rxh6 Rxe4 28. Bf1 Rf4 29. Be2 Nxc4 30. Rxe6 Nb6 31. Re5 Nd5 32. Rxg5 Rf2 33. Kd1 Rh2 34. Rh5 Nf4 35. Rh8+ Kc7 36. Bc4 Nxh3 37.
g5 Nf2+ 0-1

[Event "*** SCC Grand Prix: Titled Tuesday Blitz"]
[Site "Chess.com"]
[Date "2020.07.14"]
[Round "4"]
[White "fabianvivasz"]
[Black "Gerodot71"]
[Result "0-1"]
[WhiteElo "2252"]
[BlackElo "2436"]
[TimeControl "180+1"]
[EndTime "10:37:36 PDT"]
[Termination "Gerodot71 won on time"]

1. e4 e5 2. Nf3 Nc6 3. d4 exd4 4.
Bc4 Nf6 5. e5 d5 6. Bb5 Ne4 7.
Nxd4 Bd7 8. Bxc6 bxc6 9. O-O Be7 10. f3 Nc5 11. f4 O-O 12. f5 Re8 13. f6 gxf6 14.
Qh5 Kh8 15. Bg5 Ne4 16. exf6 Nxf6 17. Qh4 Ne4 18. Bxe7 Qxe7 19. Qxe7 Rxe7 20. Nc3 Rg8 0-1

[Event "*** SCC Grand Prix: Titled Tuesday Blitz"]
[Site "Chess.com"]
[Date "2020.07.14"]
[Round "4"]
[White "wannabe2700"]
[Black "Bacyanide"]
[Result "1-0"]
[WhiteElo "2663"]
[BlackElo "2468"]
[TimeControl "180+1"]
[EndTime "10:37:39 PDT"]
[Termination "wannabe2700 won by resignation"]

1. d4 d5 2. c4 e6 3. Nc3 c5 4. cxd5 exd5 5. Nf3 Nf6 6. g3 Nc6 7. Bg2 cxd4 8. Nxd4 Bc5 9. Nb3 Bb6 10. O-O d4 11. Na4 O-O 12. Bg5 Re8 13. Nxb6 axb6 14.
Bxc6 bxc6 15. Qxd4 Qxd4 16. Nxd4 c5 17. Nb5 Rxe2 18.
Bxf6 gxf6 19. Nc7 Ra7 20. Nd5 Rxb2 21. Rfb1 Raxa2 22. Ne7+ Kg7 23. Nxc8 Rxf2 24. Rxa2 Rxa2 25. Nxb6 Rc2 26. Rf1 c4 27. Nd5 Rd2 28. Nxf6 Rd4 29. Nh5+ Kf8 30. Nf4 c3 31. Rc1 Rc4 32. Kf2 Ke7 33.
Rxc3 1-0

[Event "*** SCC Grand Prix: Titled Tuesday Blitz"]
[Site "Chess.com"]
[Date "2020.07.14"]
[Round "4"]
[White "Sanyura"]
[Black "GaboSalazar2001"]
[Result "1-0"]
[WhiteElo "2469"]
[BlackElo "2302"]
[TimeControl "180+1"]
[EndTime "10:37:42 PDT"]
[Termination "Sanyura won by resignation"]

1. c4 e5 2. Nc3 Nf6 3. Nf3 Nc6 4. e3 Bb4 5. Be2 O-O 6. O-O Re8 7. Nd5 Bf8 8. b3 e4 9. Nd4 Nxd5 10. cxd5 Nxd4 11.
exd4 Qg5 12. Bc4 d6 13. d3 Qh4 14. dxe4 Rxe4 15. Be3 Bg4 16. Qc2 Rae8 17. Bd3 R4e7 18. Rac1 g6 19. Qd2 f6 20. Rc3 Qh5 21. Rfc1 Qxd5 22.
Bc4 1-0

[Event "*** SCC Grand Prix: Titled Tuesday Blitz"]
[Site "Chess.com"]
[Date "2020.07.14"]
[Round "4"]
[White "Annawel"]
[Black "UCantHandleDenker"]
[Result "1-0"]
[WhiteElo "2951"]
[BlackElo "2536"]
[TimeControl "180+1"]
[EndTime "10:37:44 PDT"]
[Termination "Annawel won by resignation"]

1. Nf3 Nf6 2. b3 g6 3. Bb2 Bg7 4. g3 O-O 5. Bg2 c5 6. O-O Nc6 7. c4 d6 8. d4 cxd4 9. Nxd4 Bd7 10. Nc3 a6 11. a4 Rb8 12. Qd2 Qa5 13. Rfd1 Rfc8 14.
Nc2 Qh5 15. Nd5 Nxd5 16. Bxg7 Kxg7 17. cxd5 Ne5 18. Nd4 Ng4 19. h3 Nf6 20. g4 Bxg4 21. hxg4 Nxg4 22. Nf3 h6 23. Rac1 Nf6 24. Qd4 Rxc1 25.
Rxc1 Qxd5 26. Rc7 Qe6 27. Nd2 b5 28. a5 Qxe2 29. Ne4 Qe1+ 30. Kh2 Rf8 31. Rxe7 1-0

[Event "*** SCC Grand Prix: Titled Tuesday Blitz"]
[Site "Chess.com"]
[Date "2020.07.14"]
[Round "4"]
[White "Munkhzul_Turmunkh"]
[Black "GHANDEEVAM2003"]
[Result "0-1"]
[WhiteElo "2543"]
[BlackElo "3015"]
[TimeControl "180+1"]
[EndTime "10:37:46 PDT"]
[Termination "GHANDEEVAM2003 won by resignation"]

1. e4 e6 2. d4 d5 3. exd5 exd5 4. Bd3 Nf6 5. Ne2 Bd6 6. Bf4 O-O 7. O-O c5 8. Bxd6 Qxd6 9. dxc5 Qxc5 10. c3 Nc6 11. Nd2 Re8 12. Nb3 Qb6 13. h3 a5 14.
Qc2 Bd7 15. Nbd4 Ne5 16. Bf5 Bxf5 17. Nxf5 a4 18. Ned4 a3 19. Rab1 axb2 20. Rxb2 Qa6 21. Rfb1 Nc4 22. Rxb7 Na3 23. Qc1 Nxb1 24. Qg5 Re1+ 25.
Kh2 Ne8 26. Ne7+ Kh8 27. Rd7 Qf6 28. Qg3 Nd2 29. Nxd5 Nf1+ 0-1

[Event "*** SCC Grand Prix: Titled Tuesday Blitz"]
[Site "Chess.com"]
[Date "2020.07.14"]
[Round "4"]
[White "anon569"]
[Black "romulocardoso"]
[Result "0-1"]
[WhiteElo "2295"]
[BlackElo "2099"]
[TimeControl "180+1"]
[EndTime "10:37:46 PDT"]
[Termination "romulocardoso won on time"]

1. e4 c5 2. Nf3 d6 3. d4 cxd4 4.
Nxd4 Nf6 5. Nc3 g6 6. Be3 Bg7 7. f3 O-O 8. Bc4 Nc6 9. Qd2 Bd7 10. h4 h5 11. O-O-O Rc8 12. Bb3 Ne5 13. Bh6 Rxc3 14.
bxc3 Qa5 15. Bxg7 Kxg7 16. Kb1 Rc8 17. c4 Qa3 18. Qc1 Qb4 19. a3 Qb6 20. g4 Rxc4 21.
Qb2 Rc8 22. g5 Ne8 23. f4 Ng4 24. Nf5+ Kg8 25. Nh6+ Nxh6 26. gxh6 Kh7 27. f5 Nf6 28. fxg6+ fxg6 0-1

[Event "*** SCC Grand Prix: Titled Tuesday Blitz"]
[Site "Chess.com"]
[Date "2020.07.14"]
[Round "4"]
[White "chito89"]
[Black "enzovsky"]
[Result "1-0"]
[WhiteElo "2805"]
[BlackElo "2517"]
[TimeControl "180+1"]
[EndTime "10:37:50 PDT"]
[Termination "chito89 won by resignation"]

1. e4 c5 2. Nf3 d6 3. d4 cxd4 4. Nxd4 Nf6 5. Nc3 a6 6. f4 e5 7. Nf3 Nbd7 8. Bd3 Be7 9. O-O O-O 10. Kh1 b5 11. Qe1 Bb7 12. a3 Re8 13. fxe5 dxe5 14. Bg5 Qb6 15. Nh4 g6 16. Rd1 Nh5 17. Bxe7 Rxe7 18.
a4 b4 19. Nd5 Bxd5 20. exd5 Nf4 21. Rxf4 Nc5 22. Rxb4 Qf6 23. Rc4 Nxd3 24. cxd3 Rae8 25. Nf3 Qd6 26. Qa5 e4 27. dxe4 Rxe4 28. Rxe4 Rxe4 29. Re1 Rb4 30. h3 Rxb2 31. Re8+ Kg7 32. Qc3+ Qf6 1-0

[Event "*** SCC Grand Prix: Titled Tuesday Blitz"]
[Site "Chess.com"]
[Date "2020.07.14"]
[Round "4"]
[White "northridgehawk"]
[Black "Zarinur"]
[Result "1-0"]
[WhiteElo "2358"]
[BlackElo "2049"]
[TimeControl "180+1"]
[EndTime "10:37:51 PDT"]
[Termination "northridgehawk won on time"]

1. e4 e5 2. Nf3 Nc6 3. Bb5 a6 4.
Ba4 d6 5. O-O Bg4 6. c3 Qf6 7. d3 Ne7 8. Nbd2 Ng6 9. Re1 Be7 10.
Re3 Qe6 11. h3 Bxf3 12. Nxf3 O-O 13. d4 b5 14. Bc2 exd4 15. cxd4 Qd7 16. Bd2 Nf4 17.
Kh2 Bf6 18. Be1 Rfe8 19. Ng1 Bxd4 20. Rf3 Ng6 21. Bb3 Nge5 22. Rg3 Bxb2 23. Rb1 Bd4 24. Bd5 Bb6 25. f4 Ng6 26. Bc3 b4 27. Bb2 Rad8 28. f5 Nge5 29. Qc2 Nd4 30. Qd2 1-0

[Event "*** SCC Grand Prix: Titled Tuesday Blitz"]
[Site "Chess.com"]
[Date "2020.07.14"]
[Round "4"]
[White "MikeSailer"]
[Black "Tekushka"]
[Result "0-1"]
[WhiteElo "2134"]
[BlackElo "2361"]
[TimeControl "180+1"]
[EndTime "10:37:52 PDT"]
[Termination "Tekushka won by resignation"]

1. d4 d5 2. Bf4 c5 3. e3 cxd4 4. exd4 Nc6 5. Nf3 Bf5 6. c3 e6 7.
Be2 Bd6 8. Bxd6 Qxd6 9. O-O Nge7 10. Nbd2 h6 11. Re1 g5 12. Bf1 O-O-O 13. Ne5 Nxe5 14.
dxe5 Qc7 15. Nb3 Nc6 16. Nd4 Nxd4 17. cxd4 Kb8 18. Rc1 Qb6 19. Qa4 Qxb2 20. Rc5 Rc8 21. Rb5 Qc2 22. Qb4 Rc7 23. a4 Rhc8 24. a5 Qc3 25. a6 Qxb4 26. Rxb4 b6 27. h3 Rc1 28.
Rxc1 Rxc1 29. f3 Bd3 0-1

[Event "*** SCC Grand Prix: Titled Tuesday Blitz"]
[Site "Chess.com"]
[Date "2020.07.14"]
[Round "4"]
[White "Chessalary"]
[Black "KratosKrieg"]
[Result "1-0"]
[WhiteElo "2205"]
[BlackElo "1959"]
[TimeControl "180+1"]
[EndTime "10:37:53 PDT"]
[Termination "Chessalary won by checkmate"]

1. e4 c6 2. d4 d5 3. Nd2 dxe4 4.
Nxe4 Bf5 5. Ng3 Bg6 6. h4 h6 7.
Nf3 Nd7 8. h5 Bh7 9. Bd3 Bxd3 10. Qxd3 e6 11. Bf4 Qa5+ 12. Bd2 Bb4 13. c3 Be7 14. Ne4 Ngf6 15. Nxf6+ Nxf6 16. Ne5 Rd8 17. Qe2 O-O 18. g4 c5 19. g5 hxg5 20. h6 gxh6 21. Rxh6 cxd4 22. cxd4 Qd5 23. Bxg5 Kg7 24. O-O-O Qxa2 25. Bxf6+ Bxf6 26. Qg4+ Kxh6 27. Rh1+ Bh4 28. Rxh4# 1-0

[Event "*** SCC Grand Prix: Titled Tuesday Blitz"]
[Site "Chess.com"]
[Date "2020.07.14"]
[Round "4"]
[White "Ausbildung"]
[Black "juniortay"]
[Result "0-1"]
[WhiteElo "2189"]
[BlackElo "2400"]
[TimeControl "180+1"]
[EndTime "10:37:55 PDT"]
[Termination "juniortay won by resignation"]

1. e4 e5 2. Nf3 Nf6 3. Nc3 Nc6 4. a3 Nxe4 5. Nxe4 d5 6. Nc3 d4 7. Ne2 e4 8. Nfg1 d3 9. Ng3 f5 10. cxd3 exd3 11. Qb3 Qe7+ 12. Kd1 Be6 13. Qxb7 Kf7 14. Bxd3 Nd4 15. N1e2 Bb3+ 16. Ke1 Re8 17. Qxa7 Qe5 18. Kf1 Bc5 19. Qb7 Bd1 20. h3 Bxe2+ 21. Nxe2 Nxe2 22. Qb3+ Kf6 23. Bxe2 Qxe2+ 24. Kg1 Qe1+ 0-1